AoeStats
← deibergu17

Black Forest

510629319Analyzed
4v4 RM · 1d ago on Oct 1, 2026· 54m 24s· 8 players
Game mode
Random Map
Map size
Large (8 player)
Population
200
Speed
Normal
Resources
Standard
Victory
Conquest
Starting age
Dark Age
Ending age
Imperial Age
RankedLock teamsTeams togetherTeam positionsShared explorationLock speedFull tech treeHidden civsTurbo modeCheats
Victory
Defeat
🇪🇸 Bohemians · Spain
967
+15
🇨🇿 Goths · Czechia
897
+18
🇹🇳 Koreans · Tunisia
866
+19
🇦🇹 Poles · Austria
839
+19
🇬🇧 Persians · United Kingdom
995
-20
🇬🇧 Slavs · United Kingdom
993
-20
🇦🇺 Saxons · Australia
937
-18
🇨🇳 Huns · China
808
-13
madness
12:22 Feudal Age
16:33 Castle Age
14:24 Double-Bit Axe
14:22 Horse Collar
18:08 Bow Saw
21:04 Stone Mining
21:58 Wheelbarrow
27:09 Heavy Plow
31:44 Imperial Age
29:49 Gold Mining
30:34 Stone Shaft Mining
30:14 Forging
30:04 Scale Mail Armor
30:26 Hand Cart
31:34 Iron Casting
31:54 Chain Mail Armor
31:27 Town Watch
31:29 Loom
31:59 Pikeman
33:04 Conscription
32:50 Perfusion
32:54 Squires
32:38 Halberdier
32:46 Elite Huskarl
33:26 Anarchy
33:18 Man-at-Arms
35:04 Blast Furnace
33:47 Long Swordsman
34:46 Two-Handed Swordsman
35:05 Champion
41:38 Two-Man Saw
40:40 Town Patrol
45:11 Padded Archer Armor
46:14 Chemistry
46:23 Leather Archer Armor
48:36 Ring Archer Armor
deibergu17
0:30 Loom
16:16 Feudal Age
20:50 Castle Age
36:26 Imperial Age
34:21 Horse Collar
34:27 Double-Bit Axe
35:41 Wheelbarrow
36:29 Bow Saw
37:06 Ballistics
41:39 Elite Hussite Wagon
48:02 Hand Cart
49:00 Town Watch
rauni11
2:11 Loom
14:48 Feudal Age
15:32 Double-Bit Axe
28:00 Castle Age
27:00 Horse Collar
49:49 Imperial Age
47:27 Light Cavalry
48:18 Bloodlines
48:10 Husbandry
48:27 Heavy Plow
50:16 Caravan
49:57 Winged Hussar
51:10 Gold Mining
51:10 Stone Mining
52:15 Wheelbarrow
53:30 Chemistry
53:35 Hand Cart
53:01 Cavalier
54:07 Szlachta Privileges
O.
1:50 Loom
11:12 Feudal Age
11:51 Double-Bit Axe
17:24 Horse Collar
20:01 Castle Age
23:53 Ballistics
24:05 Stone Mining
26:18 Treadmill Crane
30:49 Bow Saw
30:43 Heavy Plow
33:58 Wheelbarrow
33:14 Town Watch
33:11 Pikeman
33:51 Squires
34:47 Gold Mining
35:24 Caravan
39:04 Imperial Age
37:19 Fortified Wall
37:13 Squires
37:13 Pikeman
38:21 Forging
38:11 Scale Mail Armor
39:15 Hand Cart
39:05 Scale Mail Armor
38:56 Fletching
39:18 Masonry
40:17 Iron Casting
40:46 Chemistry
40:14 Conscription
40:37 Thumb Ring
40:30 Murder Holes
40:57 Chain Mail Armor
41:55 Two-Man Saw
42:11 Siege Engineers
44:01 Plate Mail Armor
43:27 Bodkin Arrow
43:51 Clinker Construction
43:44 Murder Holes
43:44 Halberdier
44:10 Arson
44:11 Elite Skirmisher
46:16 Architecture
46:08 Bracer
46:07 Crossbowman
47:00 Scale Barding Armor
49:49 Arbalester
51:54 Chain Barding Armor
52:17 Elite Fire Lancer
Hvide
0:59 Loom
13:06 Feudal Age
14:11 Man-at-Arms
23:05 Castle Age
21:43 Scale Mail Armor
23:09 Double-Bit Axe
23:47 Long Swordsman
24:58 Horse Collar
30:31 Bow Saw
33:32 Chain Mail Armor
34:03 Detinets
35:21 Forging
42:27 Imperial Age
45:22 Imperial Age
46:15 Wheelbarrow
47:29 Gold Mining
Gila9x
10:55 Feudal Age
11:56 Double-Bit Axe
14:02 Loom
16:51 Castle Age
15:56 Fletching
19:01 Bow Saw
18:46 Gold Mining
21:17 Wheelbarrow
21:10 Stone Mining
23:44 Forging
23:31 Bodkin Arrow
25:38 Gold Shaft Mining
26:32 Hand Cart
27:19 Horse Collar
29:57 Iron Casting
28:55 Elite Skirmisher
32:13 Heavy Plow
32:28 Scale Barding Armor
36:27 Imperial Age
35:33 Husbandry
35:44 Bloodlines
37:06 Kamandaran
38:18 Two-Man Saw
36:51 Crossbowman
37:37 Thumb Ring
38:12 Padded Archer Armor
38:34 Chain Barding Armor
39:57 Ballistics
39:40 Heavy Scorpion
41:11 Cavalier
43:00 Savar
46:57 Crop Rotation
47:41 Conscription
49:37 Leather Archer Armor
Unger
9:54 Feudal Age
10:19 Loom
11:38 Double-Bit Axe
15:07 Castle Age
14:20 Horse Collar
18:13 Bow Saw
22:08 Wheelbarrow
23:13 Heavy Plow
25:26 Hand Cart
25:14 Gold Mining
25:26 Stone Mining
27:34 Forging
27:25 Scale Mail Armor
30:01 Gold Shaft Mining
30:12 Iron Casting
29:54 Chain Mail Armor
33:28 Imperial Age
32:27 Caravan
33:31 Loom
33:32 Town Watch
35:22 Two-Man Saw
34:55 Crop Rotation
35:01 Plate Mail Armor
34:23 Fletching
33:59 Capped Ram
35:17 Conscription
34:19 Shield Wall
35:26 Town Patrol
34:55 Elite Hearth Troop
35:07 Siege Ram
36:29 Masonry
36:19 Murder Holes
36:23 Bodkin Arrow
37:20 Bracer
38:04 Ballistics
38:45 Chemistry
38:16 Architecture
37:35 Arrowslits
37:40 Treadmill Crane
38:13 Siege Engineers
39:58 Padded Archer Armor
40:03 Scale Barding Armor
39:26 Clerical Recruitment
40:41 Hoardings
39:37 Sappers
47:41 Squires
47:27 Arson
47:30 Gambesons
47:10 Man-at-Arms
47:13 Elite Varangian Guard
47:15 Pikeman
48:21 Chain Barding Armor
48:17 Leather Archer Armor
48:44 Long Swordsman
48:45 Halberdier
49:16 Two-Handed Swordsman
52:11 Champion
卢本伟
1:20 Loom
11:36 Feudal Age
11:55 Man-at-Arms
13:06 Arson
21:20 Castle Age
23:53 Horse Collar
24:02 Double-Bit Axe
24:54 Wheelbarrow
25:12 Heavy Plow
27:17 Hand Cart
34:05 Imperial Age
32:16 Bow Saw
32:05 Gold Mining
34:01 Gold Shaft Mining
35:11 Conscription
34:12 Elite Tarkan
36:02 Scale Barding Armor
36:08 Forging
36:11 Marauders
37:53 Two-Man Saw
39:12 Bloodlines
39:02 Husbandry
38:28 Light Cavalry
39:46 Iron Casting
39:32 Chain Barding Armor
41:12 Scale Mail Armor
42:14 Blast Furnace
40:53 Pikeman
41:34 Squires
44:17 Plate Barding Armor
43:38 Halberdier
45:03 Chain Mail Armor
Connection lost

Rejoining the realm…

Still unreachable

The connection could not be restored.

Session expired

The server has moved on; the page needs a fresh start.